 Dungeon Crawl Stone Soup version 0.30-a0-949-g53dc5368d7 (webtiles) character file.

Game seed: 29191132396455204

1871148 juan097 the Slayer (level 27, 162/162 (164) HPs)
             Began as a Vine Stalker Brigand on Mar 25, 2023.
             Was the Champion of Okawaru.
             Escaped with the Orb
             ... and 3 runes on Mar 27, 2023!
             The game lasted 04:22:44 (57589 turns).

juan097 the Slayer (Vine Stalker Brigand)          Turns: 57589, Time: 04:22:45

HP:   162/162 (164) AC: 41    Str: 12    XL:     27
MP:   30/30         EV: 28    Int: 11    God:    Okawaru [******]
Gold: 8114          SH: 16    Dex: 41    Spells: 27/34 levels left

rFire   + . .      SeeInvis +    a - +7 quick blade (drain)
rCold   + . .      Faith    +    G - +7 buckler "Geigal" {rElec Will+}
rNeg    . . .      Spirit   +    n - +7 fire dragon scales of the Unstoppable Lovers {rF++ rC- Int+5 SInv}
rPois   +          Reflect  .    I - +5 helmet of Grace {Will+++ rCorr Str-2 Int-5}
rElec   +          Rampage  .    S - +3 cloak of Dim Light {Slay+5}
rCorr   +          Harm     + .  Y - +2 pair of gloves "Magiclaxt" {Harm Fly rF- Dex+5}
Will    +++++                    N - +3 pair of mountain boots {steadfast, rC+}
Stlth   ++                       B - amulet "Ducwe" {Faith rPois Regen+ Dex+4}
HPRegen 2.07/turn                A - ring of Itteabb {rElec Dex+6, =R}
MPRegen 0.22/turn                J - ring of protection from cold

@: flying, studying 3 skills, lightly drained
A: fangs 3, regeneration 1, magic shield, antimagic bite, no potion heal 2,
clumsy 1, low MP 1, mutation resistance 1, weak 1, subdued magic 1
0: Orb of Zot
}: 3/15 runes: decaying, serpentine, silver
a: Renounce Religion, Heroism, Finesse, Duel


You escaped.
You worshipped Okawaru.
Okawaru was exalted by your worship.
You visited 10 branches of the dungeon, and saw 48 of its levels.
You visited 1 bazaar.
You also visited: Sewer, Ossuary, Gauntlet and Desolation.

You collected 13184 gold pieces.
You spent 5070 gold pieces at shops.

Inventory:

Hand Weapons
 a - a +7 quick blade of draining (weapon)
 b - the +2 hand crossbow of Brawling {penet, Will+ rCorr}
   (Okawaru gifted it to you on level 2 of the Vaults)

   rCorr:     It protects you from acid and corrosion.
   Will:      It increases your willpower.
 w - the +7 short sword "Jenloph" {vamp, Str+3}
   (Okawaru gifted it to you on level 3 of the Vaults)

   Str:       It affects your strength (+3).
Missiles
 e - 9 curare-tipped darts
 j - 29 silver javelins
 y - 11 javelins
Armour
 n - the +7 fire dragon scales of the Unstoppable Lovers (worn) {rF++ rC- Int+5 SInv}
   (Okawaru gifted it to you on level 4 of the Depths)

   Int:       It affects your intelligence (+5).
   rF:        It greatly protects you from fire.
   rC:        It makes you vulnerable to cold.
   SInv:      It lets you see invisible.
 u - the +1 pair of gloves of the Tuna {Will+ Str+3}
   (Okawaru gifted it to you on level 4 of the Snake Pit)

   Str:       It affects your strength (+3).
   Will:      It increases your willpower.
 G - the +7 buckler "Geigal" (worn) {rElec Will+}
   (Okawaru gifted it to you on level 1 of the Snake Pit)

   rElec:     It insulates you from electricity.
   Will:      It increases your willpower.
 I - the +5 helmet of Grace (worn) {Will+++ rCorr Str-2 Int-5}
   (You found it in a Gauntlet)

   Str:       It affects your strength (-2).
   Int:       It affects your intelligence (-5).
   rCorr:     It protects you from acid and corrosion.
   Will:      It greatly increases your willpower.
 N - the +3 pair of mountain boots (worn) {steadfast, rC+}
   (Okawaru gifted it to you on level 2 of the Orcish Mines)

   Steadfast: It prevents involuntary movement, except for blinking,
   teleportation, or banishment.
   rC:        It protects you from cold.
 S - the +3 cloak of Dim Light (worn) {Slay+5}
   (Okawaru gifted it to you on level 10 of the Dungeon)

   Slay:      It affects your accuracy & damage with ranged weapons and melee
   (+5).
 Y - the +2 pair of gloves "Magiclaxt" (worn) {Harm Fly rF- Dex+5}
   (You found it on level 2 of the Swamp)

   Dex:       It affects your dexterity (+5).
   rF:        It makes you vulnerable to fire.
   Fly:       It grants you flight.
   Harm:      It increases damage dealt and taken.
Jewellery
 g - a ring of positive energy
 m - the ring of the Hippo {rF+ Will+ Int+6}
   (You bought it in a shop in a bazaar)

   [ring of intelligence]

   Int:       It affects your intelligence (+6).
   rF:        It protects you from fire.
   Will:      It increases your willpower.
 A - the ring of Itteabb (left hand) {rElec Dex+6, =R}
   (You found it in the Desolation of Salt)

   [ring of dexterity]

   Dex:       It affects your dexterity (+6).
   rElec:     It insulates you from electricity.
 B - the amulet "Ducwe" (around neck) {Faith rPois Regen+ Dex+4}
   (You found it in a Gauntlet)

   [amulet of faith]

   It allows you to gain divine favour quickly.
   Dex:       It affects your dexterity (+4).
   rPois:     It protects you from poison.
   Regen:     It increases your rate of health regeneration.
 J - a ring of protection from cold (right hand)
 T - a ring of see invisible
 X - a ring of flight
Wands
 k - a wand of light (12)
 o - a wand of digging (42)
 F - a wand of roots (51)
Scrolls
 f - 4 scrolls of magic mapping
 q - 13 scrolls of fog
 t - 4 scrolls of enchant armour
 x - 10 scrolls of vulnerability
 D - 24 scrolls of teleportation
 K - 8 scrolls of poison
 L - 4 scrolls of fear
 Q - 2 scrolls of brand weapon
 R - 9 scrolls of blinking
 W - 3 scrolls of silence
Potions
 c - 7 potions of haste
 d - 3 potions of berserk rage
 h - 19 potions of curing
 l - a potion of invisibility
 p - 13 potions of lignification
 r - 10 potions of ambrosia
 s - 17 potions of attraction
 v - 5 potions of cancellation
 C - 5 potions of resistance
 O - 4 potions of magic
 P - 5 potions of might
 V - 5 potions of mutation
Miscellaneous
 z - a condenser vane
 E - a phial of floods
 U - a lightning rod (4/4)
 Z - a tin of tremorstones (2/2)


   Skills:
 - Level 23.0 Fighting
 - Level 14.0 Short Blades
 - Level 12.0 Ranged Weapons
 - Level 6.0 Throwing
 + Level 18.2 Armour
 + Level 18.2 Dodging
 - Level 12.0 Stealth
 - Level 7.0 Shields
 - Level 4.0 Spellcasting
 - Level 9.0 Translocations
 - Level 14.0 Transmutations
 - Level 6.0 Earth Magic
 - Level 13.0 Invocations
 - Level 16.0 Evocations


You had 27 spell levels left.
You knew the following spells:

 Your Spells              Type           Power      Damage    Failure   Level
a - Sandblast             Erth           22%        2d7       7%          1
b - Blink                 Tloc           32%        N/A       2%          2
c - Passwall              Tmut/Erth      15%        N/A       1%          2
d - Wereblood             Tmut           25%        N/A       1%          2

Your spell library contained the following spells:

 Spells                   Type           Power      Damage    Failure   Level
 Beastly Appendage        Tmut           50%        N/A       1%          1
 Blade Hands              Tmut           12%        N/A       7%          5
 Spider Form              Tmut/Pois      13%        N/A       14%         3
 Petrify                  Tmut/Erth      18%        N/A       14%         4
 Manifold Assault         Tloc           16%        N/A       22%         4
 Ignite Poison            Fire/Tmut/Pois 9%         N/A       38%         3
 Portal Projectile        Hex/Tloc       18%        N/A       38%         3
 Ice Form                 Ice/Tmut       13%        N/A       45%         4
 Kindle Blastsparks       Fire/Tloc/Air  12%        2d11      61%         3
 Stone Arrow              Conj/Erth      12%        3d7       61%         3
 Foxfire                  Conj/Fire      4%         2x1d4     67%         1
 Freeze                   Ice            4%         1d3       67%         1
 Kiss of Death            Conj/Necr      4%         2d5       67%         1
 Magic Dart               Conj           4%         1d3       67%         1
 Slow                     Hex            4%         N/A       67%         1
 Ensorcelled Hibernation  Hex/Ice        2%         N/A       80%         2
 Static Discharge         Conj/Air       2%         2-3/arc   80%         2
 Sublimation of Blood     Necr           1%         N/A       80%         2
 Iskenderun's Mystic Bla  Conj/Tloc      9%         2d4       82%         4
 Alistair's Intoxication  Tmut/Pois      8%         N/A       82%         5
 Lee's Rapid Deconstruct  Erth           5%         3d6*      92%         5
 Statue Form              Tmut/Erth      12%        N/A       93%         6
 Dragon Form              Tmut           12%        N/A       94%         7
 Leda's Liquefaction      Hex/Erth       3%         N/A       95%         4
 Confusing Touch          Hex            1%         N/A       96%         3
 Dazzling Flash           Conj/Hex       2%         N/A       96%         3
 Frozen Ramparts          Ice            2%         1d1       96%         3
 Hailstorm                Conj/Ice       1%         3d3       96%         3
 Mephitic Cloud           Conj/Pois/Air  1%         N/A       96%         3
 Ozocubu's Armour         Ice            1%         N/A       96%         3
 Swiftness                Air            1%         N/A       96%         3
 Vampiric Draining        Necr           1%         2d6       96%         3
 Dispersal                Tloc           8%         N/A       98%         6
 Anguish                  Hex/Necr       0%         N/A       100%        4
 Dispel Undead            Necr           1%         3d6       100%        4
 Agony                    Necr           1%         N/A       100%        5
 Borgnjor's Vile Clutch   Necr/Erth      3%         N/A       100%        5
 Fireball                 Conj/Fire      0%         3d3       100%        5
 Freezing Cloud           Conj/Ice/Air   0%         6-21      100%        5
 Metabolic Englaciation   Hex/Ice        0%         N/A       100%        5
 Silence                  Hex/Air        0%         N/A       100%        5
 Eringya's Noxious Bog    Tmut/Pois      6%         N/A       100%        6
 Iron Shot                Conj/Erth      3%         9d2       100%        6
 Starburst                Conj/Fire      0%         6d3       100%        6
 Orb of Destruction       Conj           0%         9d5       100%        7
 Ozocubu's Refrigeration  Ice            0%         4d7       100%        7
 Storm Form               Tmut/Air       6%         N/A       100%        7
 Disjunction              Tloc           8%         N/A       100%        8
 Maxwell's Capacitive Co  Air            0%         ∞         100%        8
 Chain Lightning          Conj/Air       0%         2d1       100%        9
 Fire Storm               Conj/Fire      0%         6d1       100%        9
 Polar Vortex             Ice            0%         N/A       100%        9
 Shatter                  Erth           5%         3d8*      100%        9
 Call Imp                 Summ           Unusable   N/A       N/A         2
 Animate Armour           Summ/Erth      Unusable   N/A       N/A         4
 Summon Guardian Golem    Hex/Summ       Unusable   N/A       N/A         3
 Tukima's Dance           Hex            Unusable   N/A       N/A         3
 Summon Forest            Summ/Tloc      Unusable   N/A       N/A         5
 Animate Dead             Necr           Unusable   N/A       N/A         4
 Summon Ice Beast         Ice/Summ       Unusable   N/A       N/A         4
 Summon Lightning Spire   Summ/Air       Unusable   N/A       N/A         4
 Summon Mana Viper        Hex/Summ       Unusable   N/A       N/A         5
 Death Channel            Necr           Unusable   N/A       N/A         6
 Simulacrum               Ice/Necr       Unusable   N/A       N/A         6
 Summon Cactus Giant      Summ           Unusable   N/A       N/A         6
 Haunt                    Necr/Summ      Unusable   N/A       N/A         7
 Malign Gateway           Summ/Tloc      Unusable   N/A       N/A         7
 Spellforged Servitor     Conj/Summ      Unusable   N/A       N/A         7
 Summon Hydra             Summ           Unusable   N/A       N/A         7
 Summon Horrible Things   Summ           Unusable   N/A       N/A         8

Dungeon Overview and Level Annotations

Branches:
Dungeon (15/15)            Temple (1/1) D:4            Lair (5/5) D:11
  Swamp (4/4) Lair:3        Snake (4/4) Lair:2        Slime (0/5) Lair:4
    Orc (2/2) D:9             Elf (3/3) Orc:2        Vaults (5/5) D:14
  Crypt (0/3) Vaults:3     Depths (4/4) D:15            Zot (5/5) Depths:4
  Sewer (visited)         Ossuary (visited)         Desolation (visited)
Gauntlet (visited)

Altars:
Ashenzari
Cheibriados
Dithmenos
Elyvilon
Fedhas
Gozag
Hepliaklqana
Kikubaaqudgha
Makhleb
Nemelex Xobeh
Okawaru
Qazlal
Ru
Sif Muna
Trog
Uskayaw
Vehumet
Wu Jian
Xom
Yredelemnul
Zin
The Shining One
Jiyva

Shops:
D:6 *   D:10 *   D:14 [   D:15 :   Orc:2 [*(==   Elf:1 *   Elf:2 (   Elf:3 [
Snake:3 :(?   Vaults:2 [   Vaults:4 *   Depths:4 *

Portals:
Hell: Depths:1 Depths:2 Depths:3 Depths:4
Abyss: Depths:1 Depths:2 Depths:3 Depths:4
Pandemonium: Depths:2
Ziggurat: Depths:1

Annotations:
Orc:1 3 runed translucent doors, BillyBaka's ghost, novice MiFi
Elf:2 1 runed translucent door
Vaults:3 3 runed translucent doors, Joextigh's ghost, veteran KoHu


Innate Abilities, Weirdness & Mutations

You have razor-sharp teeth.
Your natural rate of healing is unusually fast.
When hurt, damage is shared between your health and your magic reserves.
Your bite disrupts and absorbs the magic of your enemies.
Potions cannot restore your health.
You are clumsy. (Dex -2)
Your magical capacity is low. (-10% MP)
You are somewhat resistant to further mutation.
You are weak. (Str -2)
Your spells are a little easier to cast, but a little less powerful.


Message History

There is a stone staircase leading up here.
You fly upwards.
There is a stone staircase leading down here.
A tormentor comes into view.
The tormentor closely misses you. The tormentor misses you.
You puncture the tormentor! Your bite misses the tormentor.
The tormentor is moderately wounded.
The tormentor calls on the powers of darkness!
Your body is wracked with pain!
Ouch! That really hurt!
You are too injured to fight recklessly!
You puncture the tormentor! You bite the tormentor!
You kill the tormentor!
Okawaru accepts your kill.
(D) Dungeon (T) Temple (L) Lair (S) Swamp (P) Snake Pit (M) Slime Pits (O) Orcish Mines (E) Elven Halls (V) Vaults (C) Crypt (U) Depths (H) Hell (Z) Zot
Where to? (Enter - D:1, ? - help)
There is a stone staircase leading up here.
You fly upwards.
There is a stone staircase leading down here.
A reaper and a Brimstone Fiend come into view.
The reaper is wielding a +2 scythe of protection.
The Brimstone Fiend moves out of view.
There is a stone staircase leading up here.
You fly upwards.
There is a stone staircase leading down here.
(D) Dungeon (T) Temple (L) Lair (S) Swamp (P) Snake Pit (M) Slime Pits (O) Orcish Mines (E) Elven Halls (V) Vaults (C) Crypt (U) Depths (H) Hell (Z) Zot
Where to? (Enter - D:1, ? - help) You're already here!
HP restored.
There is a fountain of clear blue water here.
Magic restored.
There is an open door here.
There is a staircase leading out of the dungeon here.
You have escaped!

....# #.# #.#.# #... ###.# #.#
###.#.#### ##.# #.# #.#
#........#####.# #.# #.###
#.#..###........ ###.######...#
###..# #........
.............#######..###.#####.#
###.###########...##..##..# #..
#.####### #...##..##### ###
#.......#####.@.##..#
#.#.###....##...##..# #
###..........##...##..# #
....#.###..#####'###..### ######
.####.#......###.###....## #.....
.# #.#.###..........⌠...###.####
.####...# #.#................#
........###..#####.#########.#
####........######'#### #.#


There were no monsters in sight!

Vanquished Creatures
  9 dread liches
  4 orbs of fire
  2 ancient liches (Zot:5)
  Tiamat (Zot:4)
  2 juggernauts (Depths:2)
  Vv (Zot:2)
  Frederick (Vaults:3)
  Xtahua (Vaults:5)
  Margery (Vaults:2)
  4 Killer Klowns
  9 golden dragons
  2 curse toes
  2 profane servitors
  4 electric golems
  28 tentacled monstrosities
  A walking earthen tome (Depths:2)
  The ghost of Qeunemit the Warrior, an adept GrFi of Okawaru (Vaults:4)
  26 Orb Guardians
  A lich (Depths:3)
  3 deep elf master archers (Elf:3)
  2 walking divine tomes (Depths:3)
  7 titans (Vaults:5)
  6 quicksilver dragons
  A walking frostbound tome (Depths:3)
  2 deep elf blademasters
  An ancient champion (Vaults:3)
  Frances (D:13)
  6 sphinxes
  24 storm dragons
  10 death cobs
  14 shadow dragons
  Donald (Vaults:4)
  11 draconian monks
  8 tengu reavers
  Roxanne (Snake:4)
  Kirke (Snake:4)
  2 thorn hunters (Swamp:4)
  7 fire giants
  3 draconian knights
  4 fenstrider witches
  The ghost of Sobieck the Bludgeoner, a journeyman AtFi of Okawaru (Snake:1)
  The ghost of Uvorix the Fencer, a journeyman DrRe of Okawaru (Snake:2)
  7 nagarajas (Snake:4)
  Aizul (Snake:3)
  13 vault wardens
  2 imperial myrmidons
  3 iron dragons
  9 ghost moths
  13 draconian scorchers
  The ghost of Fuilowk the Tortoise, a journeyman MiFi of Dithmenos (D:13)
  7 deep elf sorcerers
  14 frost giants
  4 deep elf elementalists (Elf:3)
  10 draconian stormcallers
  4 draconian shifters
  15 ironbound preservers
  4 orc warlords
  2 spriggan defenders
  The ghost of relicbr the Unseen, an adept SpDe of Dithmenos (Swamp:2)
  4 draconian annihilators
  23 very ugly things
  4 vampire knights
  20 stone giants
  4 war gargoyles
  11 ironbound thunderhulks
  12 purple draconians
  18 green draconians
  14 black draconians
  9 deep elf demonologists
  13 dire elephants
  4 bunyips
  Nessos (D:13)
  9 deep elf annihilators (Elf:3)
  11 red draconians
  6 eleionomae
  2 halazid warlocks (Desolation)
  9 white draconians
  A wendigo (Depths:4)
  Azrael (D:15)
  A minotaur (Gauntlet)
  19 ettins
  11 spark wasps
  A blizzard demon (Depths:2)
  12 yellow draconians
  Snorg (D:12)
  An eidolon (Vaults:3)
  2 crystal guardians (Desolation)
  14 ragged hierophants
  3 jiangshi (Depths:1)
  4 entropy weavers
  10 fire dragons
  Josephine (Lair:3)
  13 deep elf high priests
  6 deep elf death magi (Elf:3)
  8 ice dragons
  8 servants of whispers (Desolation)
  6 great orbs of eyes
  Fannar (Orc:1)
  17 yaktaur captains
  17 hydras
  5 salamander tyrants
  32 vault guards
  A juggernaut simulacrum (Depths:4)
  4 ghost crabs
  4 catoblepae
  6 centaur warriors
  2 ogre magi (Vaults:5)
  9 peacekeepers (Desolation)
  3 rakshasas
  6 spriggan air magi
  A death knight (D:12)
  6 boulder beetles
  9 ironbound frosthearts
  10 alligators
  11 anacondas
  2 deep troll shamans (Depths:2)
  3 merfolk aquamancers (Depths:1)
  8 two-headed ogres
  5 tengu warriors
  24 naga warriors
  9 orc high priests
  5 death yaks (Lair:5)
  7 deep troll earth magi
  4 spriggan berserkers
  3 vampire magi
  27 dancing weapons
  6 shock serpents
  Urug (D:12)
  39 hell knights
  16 naga sharpshooters
  A sun demon (Depths:4)
  29 deep elf knights
  A soul eater (Depths:2)
  Sonja (D:13)
  A fire crab (shapeshifter) (Vaults:5)
  A skyshark (Lair:2)
  5 sea snakes
  6 skeletal warriors
  4 goliath frogs
  4 salamander mystics
  5 iron trolls
  2 shadow demons (Depths:1)
  6 spriggan druids
  6 glowing orange brains
  37 deep trolls
  10 swamp dragons
  3 flayed ghosts (Depths:2)
  10 naga ritualists
  A golden dragon skeleton (D:15)
  14 lindwurms
  An obsidian statue (Vaults:4)
  19 deep elf archers
  31 ironbound convokers
  10 bog bodies
  13 necromancers
  8 wizards
  3 phantasmal warriors
  49 deep elf pyromancers
  33 deep elf zephyrmancers
  18 mana vipers
  38 ugly things
  16 orc knights
  A frost giant zombie (D:15)
  22 salamanders
  6 cyclopes
  3 orc sorcerers (Orc:2)
  8 will-o-the-wisps
  5 harpies (Vaults:1)
  7 manticores
  29 moths of wrath
  A moth of wrath (shapeshifter) (Depths:4)
  38 black mambas
  34 elephants
  16 vault sentinels
  A torpor snail (Lair:5)
  12 guardian serpents
  A frost giant skeleton (D:15)
  An eye of devastation (shapeshifter) (Vaults:5)
  3 gargoyles
  An eye of devastation (Gauntlet)
  8 cane toads
  18 naga magi
  An orange demon (Depths:2)
  A spriggan zombie (D:15)
  A dryad (Depths:1)
  7 rime drakes
  2 kobold demonologists (Depths:1)
  13 komodo dragons
  2 unseen horrors
  A tormentor (D:3)
  5 freezing wraiths
  28 yaktaurs
  6 meliai (D:15)
  A queen bee (Lair:1)
  9 trolls
  3 tengu conjurers
  8 tyrant leeches
  A meliai (shapeshifter) (D:14)
  2 bloated husks
  10 blink frogs
  A hellwing (Depths:2)
  84 saltlings
  12 hornets
  2 dream sheep (Lair:5)
  15 slime creatures
  14 flying skulls (Gauntlet)
  2 shadows
  Sigmund (D:5)
  3 water elementals
  15 spriggans
  2 ynoxinuls
  A centaur simulacrum (D:12)
  2 vampires
  An air elemental (Elf:2)
  55 yaks
  8 basilisks
  2 wyverns
  5 fire elementals
  5 golden eyes
  6 wraiths
  A redback (Vaults:1)
  5 humans (Snake:4)
  16 vampire mosquitoes
  A warg (Orc:1)
  Edmund (D:4)
  53 nagas
  18 swamp worms
  Duvessa (D:5)
  3 hell hounds (D:15)
  4 floating eyes
  25 water moccasins
  9 swamp drakes
  53 orc warriors
  A black bear (D:7)
  6 ogres
  4 boggarts
  5 wolves (Lair:5)
  12 centaurs
  A phantom (D:6)
  6 kobold brigands
  15 bullfrogs
  A glowing shapeshifter simulacrum (Depths:4)
  4 earth elementals
  A gnoll sergeant (D:10)
  2 scorpions
  Dowan (D:5)
  5 wights
  25 killer bees
  2 electric eels
  2 centaur zombies (Ossuary)
  A crimson imp (D:11)
  2 gnoll boudas
  5 hounds
  43 orc priests
  4 human zombies
  5 jellies
  3 human skeletons (D:8)
  A sleepcap (D:5)
  Jessica (D:2)
  Terence (D:2)
  2 iguanas
  10 hell rats
  44 orc wizards
  2 mummies (Ossuary)
  12 adders
  11 gnolls
  A white imp (D:6)
  3 ufetubi
  4 dart slugs
  104 orcs
  18 endoplasms
  4 giant cockroaches
  5 goblins
  5 hobgoblins
  6 quokkas
  3 ball pythons (D:1)
  8 bats
  3 goblin zombies (Ossuary)
  7 hobgoblin zombies (Ossuary)
  A jackal zombie (Ossuary)
  19 kobolds
  11 kobold zombies (Ossuary)
  An orc skeleton (D:8)
  9 orc zombies
  5 rats
  2 rat zombies (Ossuary)
2514 creatures vanquished.

Vanquished Creatures (others)
  A ghost moth (Zot:1)
  A deep elf knight (Elf:3)
  A swamp dragon (Swamp:1)
  A bloated husk (Swamp:1)
  An orc wizard (Orc:2)
  20 foxfires
  26 fungi
  48 plants
  3 toadstools (D:5)
  7 withered plants
109 creatures vanquished.

Grand Total: 2623 creatures vanquished

Notes
Turn   | Place    | Note
-------+----------+-------------------------------------------
     0 | D:1      | juan097 the Vine Stalker Brigand began the quest for the
                  | Orb.
     0 | D:1      | Reached XP level 1. HP: 11/11 MP: 2/2
   111 | D:1      | Reached skill level 5 in Stealth
   198 | D:1      | Reached XP level 2. HP: 15/15 MP: 1/3
   420 | D:1      | Found a faded altar of an unknown god.
   653 | D:1      | Reached XP level 3. HP: 11/18 MP: 2/4
   859 | D:2      | Noticed Jessica
   868 | D:2      | Killed Jessica
   897 | D:2      | Noticed Terence
   910 | D:2      | Gained mutation: Your natural rate of healing is unusually
                  | fast. [Vine Stalker growth]
   910 | D:2      | Reached XP level 4. HP: 22/23 MP: 3/5
  1331 | D:2      | Killed Terence
  1794 | D:3      | Reached XP level 5. HP: 21/26 MP: 4/6
  1800 | D:3      | Reached skill level 5 in Short Blades
  2392 | D:4      | Found an opulent altar of Gozag.
  2394 | D:4      | Found a sparkling altar of Nemelex Xobeh.
  2394 | D:4      | Found an ornate altar of the Wu Jian Council.
  2396 | D:4      | Found a basalt altar of Yredelemnul.
  2396 | D:4      | Found a shimmering altar of Xom.
  2396 | D:4      | Found a stormy altar of Qazlal.
  2458 | D:4      | Found a glowing golden altar of the Shining One.
  2726 | D:4      | Reached XP level 6. HP: 30/30 MP: 7/7
  2759 | D:4      | Reached skill level 1 in Dodging
  2763 | D:4      | Reached skill level 2 in Fighting
  2842 | D:4      | Found a staircase to the Ecumenical Temple.
  2842 | D:4      | Noticed Edmund
  2903 | D:4      | Killed Edmund
  2912 | Temple   | Entered the Ecumenical Temple
  3101 | Temple   | Became a worshipper of Warmaster Okawaru
  3160 | D:5      | Entered Level 5 of the Dungeon
  3166 | D:5      | Noticed Sigmund
  3168 | D:5      | Reached XP level 7. HP: 29/35 MP: 5/8
  3304 | D:5      | Noticed Duvessa
  3317 | D:5      | Reached skill level 3 in Fighting
  3322 | D:5      | Noticed Dowan
  3384 | D:5      | Reached skill level 1 in Invocations
  3513 | D:5      | Reached * piety under Okawaru
  3662 | D:5      | Noticed a yak
  3720 | D:6      | Found a hazy altar of Hepliaklqana.
  3761 | D:6      | Found a glowing drain.
  3821 | D:6      | Gained mutation: You have razor-sharp teeth. [Vine Stalker
                  | growth]
  3821 | D:6      | Reached XP level 8. HP: 41/41 MP: 10/10
  3845 | Sewer    | Entered a sewer
  3979 | D:6      | Reached ** piety under Okawaru
  3980 | D:6      | Reached skill level 4 in Fighting
  4207 | D:7      | Found a white marble altar of Elyvilon.
  4539 | D:7      | Found a burning altar of Makhleb.
  4868 | D:7      | Found an opulent altar of Gozag.
  4891 | D:7      | Reached *** piety under Okawaru
  4902 | D:7      | Reached XP level 9. HP: 41/46 MP: 10/12
  4976 | D:7      | Reached skill level 5 in Fighting
  5459 | D:8      | Reached **** piety under Okawaru
  5481 | D:8      | Found a sand-covered staircase.
  5491 | Ossuary  | Entered an ossuary
  6042 | D:8      | Reached ***** piety under Okawaru
  6066 | D:8      | Reached skill level 10 in Short Blades
  6066 | D:8      | Reached XP level 10. HP: 34/51 MP: 14/14
  6087 | D:8      | Received a gift from Okawaru
  6220 | D:8      | Reached skill level 6 in Fighting
  6432 | D:8      | Received a gift from Okawaru
  6662 | D:8      | Identified a scroll of acquirement
  6834 | D:6      | Reached skill level 7 in Fighting
  6941 | D:6      | Found Qosiapt's Gadget Gallery.
  6982 | D:5      | Killed Dowan
  6996 | D:5      | Killed Duvessa
  7040 | D:5      | Found a blossoming altar of Fedhas.
  7051 | D:5      | Received a gift from Okawaru
  7084 | D:5      | Killed Sigmund
  7137 | D:5      | Found a radiant altar of Vehumet.
  7303 | D:5      | Reached skill level 8 in Fighting
  7496 | D:5      | Found an ancient bone altar of Kikubaaqudgha.
  7555 | D:5      | Reached skill level 9 in Fighting
  7573 | D:5      | Received a gift from Okawaru
  8027 | D:8      | Acquired 688 gold pieces
  8079 | D:6      | Bought a phial of floods for 480 gold pieces
  8311 | D:8      | Reached XP level 11. HP: 56/62 MP: 15/15
  8348 | D:9      | Reached skill level 1 in Armour
  8348 | D:9      | Reached skill level 1 in Evocations
  8376 | D:9      | Identified the +7 sling "Douj" {freeze, Will+}
  8597 | D:8      | Reached skill level 1 in Ranged Weapons
  8727 | D:9      | Reached ****** piety under Okawaru
  8748 | D:9      | Noticed a two-headed ogre
  8792 | D:9      | Noticed a two-headed ogre
  8966 | D:9      | Found a staircase to the Orcish Mines.
  9051 | D:9      | Killed a two-headed ogre
  9120 | D:10     | Entered Level 10 of the Dungeon
  9220 | D:10     | Identified the +3 cloak of Dim Light {Slay+5} (Okawaru
                  | gifted it to you on level 10 of the Dungeon)
  9220 | D:10     | Received a gift from Okawaru
  9371 | D:10     | Reached skill level 5 in Invocations
  9413 | D:10     | Found a stormy altar of Qazlal.
  9427 | D:10     | Found a shimmering blue altar of Sif Muna.
  9490 | D:10     | Found Geshryaru's Assorted Antiques.
  9508 | D:10     | Bought a grey potion for 23 gold pieces
  9508 | D:10     | Bought a shiny ring mail for 182 gold pieces
  9525 | D:10     | Found a snail-covered altar of Cheibriados.
  9795 | D:10     | Noticed a red ugly thing
  9801 | D:10     | Noticed a boulder beetle
  9808 | D:10     | Killed a red ugly thing
  9822 | D:10     | Killed a boulder beetle
  9956 | D:11     | Noticed a two-headed ogre
  9973 | D:11     | Killed a two-headed ogre
  9974 | D:11     | Reached XP level 12. HP: 43/67 MP: 17/17
 10021 | D:11     | Noticed a two-headed ogre
 10034 | D:11     | Killed a two-headed ogre
 10035 | D:11     | Reached skill level 10 in Fighting
 10132 | D:11     | Received a gift from Okawaru
 10346 | D:11     | Found a transporter.
 10348 | D:11     | Found a transporter.
 10348 | D:11     | Noticed a boulder beetle
 10348 | D:11     | Noticed a boulder beetle
 10367 | D:11     | Killed a boulder beetle
 10368 | D:11     | Reached skill level 5 in Ranged Weapons
 10389 | D:11     | Killed a boulder beetle
 10417 | D:11     | Found a staircase to the Lair.
 10604 | D:11     | Noticed an eight-headed hydra
 10807 | Lair:1   | Entered Level 1 of the Lair of Beasts
 10916 | Lair:1   | Reached skill level 10 in Stealth
 11045 | Lair:1   | Identified the +6 scale mail of Delightful Knowledge {Fly
                  | rF- rC+++ Dex-3}
 11236 | Lair:1   | Identified the +0 plate armour of Tyrudgh {Harm rPois rF-
                  | rN+} (Okawaru gifted it to you on level 1 of the Lair of
                  | Beasts)
 11236 | Lair:1   | Received a gift from Okawaru
 11244 | Lair:1   | Reached skill level 5 in Evocations
 11558 | Lair:2   | Noticed a skyshark
 11562 | Lair:2   | Killed a skyshark
 11595 | Lair:2   | Reached XP level 13. HP: 72/72 MP: 18/18
 11649 | Lair:2   | Found a staircase to the Snake Pit.
 12330 | Lair:3   | Noticed Josephine
 12353 | Lair:3   | Killed Josephine
 12354 | Lair:3   | Reached skill level 5 in Armour
 12354 | Lair:3   | Reached skill level 5 in Dodging
 12362 | Lair:3   | Received a gift from Okawaru
 12419 | Lair:3   | Found a gate leading to a gauntlet.
 12437 | Gauntlet | Entered a Gauntlet
 12437 | Gauntlet | Found a transporter.
 12437 | Gauntlet | Found a transporter.
 12445 | Gauntlet | Found a transporter.
 12449 | Gauntlet | Found a transporter.
 12458 | Gauntlet | Found a transporter.
 12461 | Gauntlet | Found a transporter.
 12467 | Gauntlet | Found a runed translucent gate.
 12469 | Gauntlet | Found a transporter.
 12470 | Gauntlet | Found a runed translucent gate.
 12471 | Gauntlet | Found a runed translucent gate.
 12486 | Gauntlet | Found a transporter.
 12500 | Gauntlet | Found a transporter.
 12504 | Gauntlet | Found a transporter.
 12504 | Gauntlet | Found the brooch of Shielding {Spirit SH+8}
 12512 | Gauntlet | Found a transporter.
 12516 | Gauntlet | Found a transporter.
 12640 | Gauntlet | Received a gift from Okawaru
 12650 | Gauntlet | Identified the amulet "Ducwe" {Faith rPois Regen+ Dex+4}
 12781 | Gauntlet | Identified the +5 helmet of Grace {Will+++ rCorr Str-2
                  | Int-5}
 12840 | Gauntlet | Noticed a minotaur
 12856 | Gauntlet | Killed a minotaur
 12859 | Gauntlet | Identified the staff of fire "Xurud" {rPois rF+ Will-
                  | Dex+2}
 12859 | Gauntlet | Identified the staff of fire "Umues" {rF+ rC+ rCorr Str-5
                  | SInv}
 13212 | Lair:3   | Received a gift from Okawaru
 13581 | Lair:3   | Found a staircase to the Swamp.
 13660 | Lair:4   | Received a gift from Okawaru
 13814 | Lair:4   | Reached XP level 14. HP: 77/77 MP: 21/21
 13982 | Lair:4   | Found a viscous altar of Jiyva.
 13983 | Lair:4   | Found a staircase to the Slime Pits.
 14058 | Lair:4   | Received a gift from Okawaru
 14149 | Lair:4   | Received a gift from Okawaru
 14621 | Lair:5   | Entered Level 5 of the Lair of Beasts
 14626 | Lair:5   | Reached skill level 10 in Ranged Weapons
 14682 | Lair:5   | Identified the +8 crystal plate armour of Quick Wonder
                  | {rC++ Int+3} (Okawaru gifted it to you on level 5 of the
                  | Lair of Beasts)
 14682 | Lair:5   | Received a gift from Okawaru
 14970 | Lair:5   | Identified the +0 scale mail of Elitism {Regen+ Dex+4}
 15181 | Lair:5   | Received a gift from Okawaru
 15203 | Lair:5   | Found an iron altar of Okawaru.
 15484 | Lair:5   | Identified the +4 cloak of Discretion {rC+ rN+ Str-4}
 15507 | Lair:5   | Reached XP level 15. HP: 81/81 MP: 21/23
 15508 | Lair:5   | Identified the +7 lajatang of Accidental Termination
                  | {flame, rC+ Str+2} (Okawaru gifted it to you on level 5 of
                  | the Lair of Beasts)
 15508 | Lair:5   | Received a gift from Okawaru
 15564 | Lair:5   | Reached skill level 11 in Fighting
 15578 | Lair:5   | Got the Parchment of Indemnity
 16327 | Orc:1    | Entered Level 1 of the Orcish Mines
 16595 | Orc:1    | Found a runed translucent gate.
 16595 | Orc:1    | Found a runed translucent gate.
 16595 | Orc:1    | Found a runed translucent gate.
 16600 | Orc:1    | Noticed BillyBaka's ghost (novice MiFi)
 16665 | Orc:1    | Noticed Fannar
 16708 | Orc:1    | Killed Fannar
 16937 | Orc:2    | Entered Level 2 of the Orcish Mines
 16937 | Orc:2    | Found a staircase to the Elven Halls.
 17220 | Orc:2    | Reached skill level 10 in Invocations
 17220 | Orc:2    | Identified the +7 rapier of the Inquisitive Yaks {protect,
                  | Contam rF+ Int+3 Dex+2} (Okawaru gifted it to you on level
                  | 2 of the Orcish Mines)
 17220 | Orc:2    | Received a gift from Okawaru
 17577 | Orc:2    | Noticed an orc warlord
 17591 | Orc:2    | Killed an orc warlord
 17592 | Orc:2    | Reached skill level 12 in Fighting
 17636 | Orc:2    | Received a gift from Okawaru
 17636 | Orc:2    | Found the +3 pair of mountain boots {steadfast, rC+}
 17703 | Orc:2    | Found Suvighoc's Antique Armour Shop.
 17704 | Orc:2    | Found Kuguqomi's Antique Weapon Shop.
 17706 | Orc:2    | Found Yjif's General Store.
 17706 | Orc:2    | Found Vozig's Jewellery Boutique.
 17722 | Orc:2    | Bought a potion of attraction for 39 gold pieces
 17722 | Orc:2    | Bought a potion of curing for 39 gold pieces
 17722 | Orc:2    | Bought a scroll of silence for 123 gold pieces
 17723 | Orc:2    | Bought a ring of see invisible for 255 gold pieces
 17749 | Orc:2    | Bought a pair of runed boots for 232 gold pieces
 17891 | Orc:2    | Found Fevoc's Jewellery Shoppe.
 18130 | D:10     | Bought a potion of might for 104 gold pieces
 18130 | D:10     | Bought a potion of invisibility for 208 gold pieces
 18660 | D:12     | Noticed Snorg
 18671 | D:12     | Killed Snorg
 18720 | D:12     | Noticed Urug
 18736 | D:12     | Killed Urug
 19208 | D:13     | Found a runed translucent door.
 19208 | D:13     | Noticed Fuilowk's ghost (journeyman MiFi)
 19285 | D:13     | Noticed Frances
 19294 | D:13     | Killed Frances
 19415 | D:13     | Reached XP level 16. HP: 88/88 MP: 24/24
 19544 | D:13     | Noticed Sonja
 19551 | D:13     | Killed Sonja
 19686 | D:13     | Noticed Nessos
 19688 | D:13     | Killed Nessos
 19688 | D:13     | Received a gift from Okawaru
 19689 | D:13     | Reached skill level 5 in Throwing
 19993 | D:14     | Found Uniat's Armour Shop.
 20081 | D:14     | Identified the +0 robe of Baldness {rF+}
 20085 | D:14     | Found a gate to the Vaults.
 20600 | D:15     | Entered Level 15 of the Dungeon
 20708 | D:15     | Got the Quarto of Exothermic Algor
 20968 | D:15     | Found Puwkar's Book Boutique.
 21065 | D:15     | Identified the +0 buckler "Zomaodd" {Str+5 Int+3 Dex-2}
                  | (Okawaru gifted it to you on level 15 of the Dungeon)
 21065 | D:15     | Received a gift from Okawaru
 21079 | D:15     | Found a staircase to the Depths.
 21181 | D:15     | Noticed Azrael
 21195 | D:15     | Killed Azrael
 21911 | D:15     | Acquired a +4 longbow of draining
 22067 | D:13     | Killed Fuilowk's ghost
 22081 | D:13     | Got the Quarto of Erosion
 22312 | D:6      | Bought a tin of tremorstones (2/2) for 480 gold pieces
 22473 | Snake:1  | Entered Level 1 of the Snake Pit
 22546 | Snake:1  | Reached skill level 1 in Shields
 23042 | Snake:1  | Found a runed translucent door.
 23042 | Snake:1  | Noticed Sobieck's ghost (journeyman AtFi)
 23276 | Snake:1  | Reached XP level 17. HP: 91/93 MP: 26/26
 23340 | Snake:1  | Identified the +7 buckler "Geigal" {rElec Will+} (Okawaru
                  | gifted it to you on level 1 of the Snake Pit)
 23340 | Snake:1  | Received a gift from Okawaru
 23502 | Snake:2  | Found a transporter.
 23513 | Snake:2  | Found a bloodstained altar of Trog.
 23513 | Snake:2  | Noticed Uvorix's ghost (journeyman DrRe)
 23929 | Snake:2  | Found a flickering gateway to a bazaar.
 23944 | Bazaar   | Entered a bazaar
 23958 | Bazaar   | Found Zuof's Book Shoppe.
 23958 | Bazaar   | Found Semunaoh's Assorted Antiques.
 23980 | Bazaar   | Found Jesh's Antique Armour Emporium.
 23996 | Bazaar   | Found Maseiram's Jewellery Shoppe.
 23996 | Bazaar   | Found Wuice's Jewellery Emporium.
 24032 | Bazaar   | Acquired 1049 gold pieces
 24071 | Bazaar   | Bought a scroll of fog for 120 gold pieces
 24077 | Bazaar   | Bought an Inescapable Atlas for 416 gold pieces
 24079 | Bazaar   | Learned a level 1 spell: Sandblast
 24083 | Bazaar   | Learned a level 2 spell: Blink
 24090 | Bazaar   | Bought an ancient scale mail for 270 gold pieces
 24090 | Bazaar   | Identified the +1 scale mail of Hubris {rElec rF- rC+
                  | Str+5} (You bought it in a shop in a bazaar)
 24098 | Bazaar   | Bought a scroll of fear for 120 gold pieces
 24126 | Bazaar   | Bought a scratched cabochon ring for 150 gold pieces
 24161 | Bazaar   | Acquired 927 gold pieces
 24164 | Bazaar   | Bought the ring of the Hippo {rF+ Will+ Int+6} for 945 gold
                  | pieces
 24224 | Snake:2  | Found a transporter.
 24588 | Snake:3  | Upgraded the game from 0.30-a0-939-gc8157cb160 to
                  | 0.30-a0-948-g4fa250aae5
 24723 | Snake:3  | Reached skill level 5 in Shields
 25128 | Snake:3  | Received a gift from Okawaru
 25190 | Snake:3  | Identified the +6 rapier of Resourcefulness {spect, *Slow
                  | rElec Str-4 Stlth+} (Okawaru gifted it to you on level 3 of
                  | the Snake Pit)
 25190 | Snake:3  | Received a gift from Okawaru
 25268 | Snake:3  | Reached skill level 10 in Dodging
 25329 | Snake:3  | Found Wulig's Book Emporium.
 25331 | Snake:3  | Found Esamnoe's Antique Weapon Shoppe.
 25348 | Snake:3  | Found Badoyh's Magic Scroll Emporium.
 25356 | Snake:3  | Bought a scroll of identify for 40 gold pieces
 25465 | Snake:3  | Reached skill level 10 in Armour
 25566 | Snake:3  | Noticed Aizul
 25575 | Snake:3  | Killed Aizul
 25764 | Snake:4  | Entered Level 4 of the Snake Pit
 25922 | Snake:4  | Received a gift from Okawaru
 25977 | Snake:4  | Identified the +3 ring mail of Mutualism {Str+3} (Okawaru
                  | gifted it to you on level 4 of the Snake Pit)
 25977 | Snake:4  | Received a gift from Okawaru
 26098 | Snake:4  | Reached XP level 18. HP: 98/98 MP: 28/28
 26105 | Snake:4  | Reached skill level 10 in Evocations
 26553 | Snake:4  | Noticed Roxanne
 26797 | Snake:4  | Noticed Kirke
 26811 | Snake:4  | Killed Kirke
 26915 | Snake:4  | Received a gift from Okawaru
 26968 | Snake:4  | Identified the +1 pair of gloves of the Tuna {Will+ Str+3}
                  | (Okawaru gifted it to you on level 4 of the Snake Pit)
 26968 | Snake:4  | Received a gift from Okawaru
 27245 | Snake:4  | Got a serpentine rune of Zot
 27503 | Snake:4  | Killed Roxanne
 27686 | Snake:2  | Killed Uvorix's ghost
 27709 | Snake:2  | Identified the +1 helmet of the Invisible Seas {rF+ rN+
                  | Dex+3}
 27726 | Snake:2  | Acquired 393 gold pieces
 28096 | Swamp:1  | Entered Level 1 of the Swamp
 28814 | Swamp:2  | Received a gift from Okawaru
 28976 | Swamp:2  | Reached skill level 13 in Fighting
 29059 | Swamp:2  | Found a runed translucent gate.
 29059 | Swamp:2  | Found a runed translucent gate.
 29059 | Swamp:2  | Found a runed translucent gate.
 29059 | Swamp:2  | Noticed relicbr's ghost (adept SpDe)
 29110 | Swamp:2  | Killed relicbr's ghost
 29186 | Swamp:2  | Identified the +2 pair of gloves "Magiclaxt" {Harm Fly rF-
                  | Dex+5}
 29387 | Swamp:3  | Reached XP level 19. HP: 101/104 MP: 25/29
 29424 | Swamp:3  | Reached skill level 1 in Spellcasting
 29424 | Swamp:3  | Reached skill level 1 in Translocations
 30150 | Swamp:4  | Entered Level 4 of the Swamp
 30241 | Swamp:4  | Received a gift from Okawaru
 31004 | Swamp:4  | Got a decaying rune of Zot
 31585 | Vaults:1 | Entered Level 1 of the Vaults
 31811 | Vaults:1 | Identified the +0 cloak of Syndicalism {rElec} (Okawaru
                  | gifted it to you on level 1 of the Vaults)
 31811 | Vaults:1 | Received a gift from Okawaru
 31997 | Vaults:1 | Reached skill level 5 in Translocations
 32151 | Vaults:1 | Reached skill level 14 in Fighting
 32392 | Vaults:1 | Reached XP level 20. HP: 111/111 MP: 30/30
 32470 | Vaults:1 | Received a gift from Okawaru
 33097 | Vaults:2 | Found a crumbling gateway.
 33163 | Desolati | Entered the Desolation of Salt
 33232 | Desolati | Identified the +2 pair of boots of Midwinter {Str+4}
 33242 | Desolati | Identified the scarf of the Past {harm, rElec rPois Str+2
                  | Int-4} (Okawaru gifted it to you in the Desolation of Salt)
 33242 | Desolati | Received a gift from Okawaru
 33246 | Desolati | Identified the +0 plate armour of Keajutoi {MP+9 Str+3}
 33387 | Desolati | Got the Tractate on Glowing Firn
 33432 | Desolati | Got the Vellum of Numb Hurting
 33667 | Desolati | Got Humnuen's Handbook of Blinking Metamorphosis
 33961 | Desolati | Received a gift from Okawaru
 33993 | Desolati | Identified the amulet "Hah Cel" {Faith -Tele Fly rF++ rCorr
                  | Str+3}
 34140 | Desolati | Identified the ring of Itteabb {rElec Dex+6}
 34176 | Desolati | Identified the +9 ring mail of the Arcane {rElec rPois
                  | Int+7 Dex-3} (Okawaru gifted it to you in the Desolation of
                  | Salt)
 34176 | Desolati | Received a gift from Okawaru
 34263 | Desolati | Identified the amulet "Hesiuh Pea" {Acrobat Slay+3}
 34671 | Vaults:2 | Noticed Margery
 34701 | Vaults:2 | Reached XP level 21. HP: 115/115 MP: 31/31
 34721 | Vaults:2 | Killed Margery
 35140 | Vaults:2 | Found Riweoj's Armour Emporium.
 35170 | Vaults:2 | Identified the +2 hand crossbow of Brawling {penet, Will+
                  | rCorr} (Okawaru gifted it to you on level 2 of the Vaults)
 35170 | Vaults:2 | Received a gift from Okawaru
 35171 | Vaults:2 | Reached skill level 15 in Fighting
 35323 | Vaults:2 | Identified the +3 quarterstaff of the Hated {holy, Int+3}
 35594 | Vaults:2 | Reached skill level 16 in Fighting
 35967 | Vaults:3 | Received a gift from Okawaru
 35999 | Vaults:3 | Found a staircase to the Crypt.
 36176 | Vaults:3 | Received a gift from Okawaru
 36473 | Vaults:3 | Reached skill level 17 in Fighting
 36495 | Vaults:3 | Identified the +7 short sword "Jenloph" {vamp, Str+3}
                  | (Okawaru gifted it to you on level 3 of the Vaults)
 36495 | Vaults:3 | Received a gift from Okawaru
 36883 | Vaults:3 | Found a runed translucent gate.
 36883 | Vaults:3 | Found a runed translucent gate.
 36883 | Vaults:3 | Found a runed translucent gate.
 37013 | Vaults:3 | Noticed Frederick
 37030 | Vaults:3 | Killed Frederick
 37196 | Vaults:3 | Noticed Joextigh's ghost (veteran KoHu)
 37302 | Vaults:4 | Reached XP level 22. HP: 125/128 MP: 32/32
 37408 | Vaults:4 | Noticed Donald
 37410 | Vaults:4 | Killed Donald
 37410 | Vaults:4 | Received a gift from Okawaru
 37411 | Vaults:4 | Reached skill level 18 in Fighting
 37512 | Vaults:4 | Received a gift from Okawaru
 37586 | Vaults:4 | Identified the +5 ring mail of Knowledge {Drain rElec Str+3
                  | SInv} (Okawaru gifted it to you on level 4 of the Vaults)
 37586 | Vaults:4 | Received a gift from Okawaru
 37938 | Vaults:4 | Identified the +6 whip "Ecsaehih" {pain, Fly rElec Dex+3}
 38124 | Vaults:4 | Found a runed translucent gate.
 38124 | Vaults:4 | Found a runed translucent gate.
 38124 | Vaults:4 | Found an opulent altar of Gozag.
 38128 | Vaults:4 | Found a runed translucent gate.
 38128 | Vaults:4 | Found Wywen's Assorted Antiques.
 38346 | Vaults:4 | Noticed Qeunemit's ghost (adept GrFi)
 38346 | Vaults:4 | Noticed a dread lich
 38404 | Vaults:4 | Killed a dread lich
 38489 | Vaults:4 | Killed Qeunemit's ghost
 38490 | Vaults:4 | Reached skill level 19 in Fighting
 38621 | Vaults:4 | Upgraded the game from 0.30-a0-948-g4fa250aae5 to
                  | 0.30-a0-949-g53dc5368d7
 39010 | Elf:1    | Entered Level 1 of the Elven Halls
 39149 | Elf:1    | Acquired 1120 gold pieces
 39436 | Elf:1    | Found Asudib's General Store.
 39663 | Elf:1    | Identified the +0 kite shield of the Unseen Realm {+Inv
                  | MP+9} (Okawaru gifted it to you on level 1 of the Elven
                  | Halls)
 39663 | Elf:1    | Received a gift from Okawaru
 40167 | Elf:2    | Reached skill level 20 in Fighting
 40238 | Elf:2    | Found Tadaluarph's Antique Weapon Shoppe.
 40238 | Elf:2    | Found Zuamesid's Weapon Emporium.
 40442 | Elf:2    | Learned a level 2 spell: Passwall
 40714 | Elf:2    | Found a runed translucent door.
 40736 | Elf:2    | Found a runed translucent door.
 40898 | Elf:2    | Reached XP level 23. HP: 132/138 MP: 31/33
 40966 | Elf:2    | Reached skill level 21 in Fighting
 41230 | Elf:3    | Entered Level 3 of the Elven Halls
 41386 | Elf:3    | Found Luichin's Antique Armour Shoppe.
 41442 | Elf:3    | Received a gift from Okawaru
 41450 | Elf:3    | Bought a slimy buckler for 256 gold pieces
 41450 | Elf:3    | Identified the +1 buckler "Eqeynt" {rN+ Str+2 Dex-3} (You
                  | bought it in a shop on level 3 of the Elven Halls)
 41805 | Arena    | Entered the Arena
 41848 | Elf:3    | Reached skill level 22 in Fighting
 41894 | Elf:3    | Received a gift from Okawaru
 41937 | Elf:3    | Identified the +4 war axe "Kaeskam" {flame, rF+}
 42000 | Elf:3    | Identified the +2 cloak of Resilience {+Blink Fly Dex-4
                  | SInv} (Okawaru gifted it to you on level 3 of the Elven
                  | Halls)
 42000 | Elf:3    | Received a gift from Okawaru
 42107 | Elf:3    | Identified the +5 arbalest "Ciceniad" {penet, Str+3 Int+6}
 42183 | Elf:3    | Identified the +2 scale mail of Voatesuh {rPois rC+ Will+}
 42840 | Snake:3  | Bought a book of Blood for 588 gold pieces
 42843 | Snake:3  | Learned a level 2 spell: Wereblood
 43002 | Snake:1  | Killed Sobieck's ghost
 43003 | Snake:1  | Reached skill level 1 in Transmutations
 43004 | Snake:1  | Identified the +6 leather armour of the Black Moon {Rampage
                  | Drain rCorr}
 43203 | Depths:1 | Entered Level 1 of the Depths
 43206 | Depths:1 | Reached skill level 1 in Earth Magic
 43216 | Depths:1 | Found a radiant altar of Vehumet.
 43222 | Depths:1 | Found a one-way gate to the infinite horrors of the Abyss.
 43333 | Depths:1 | Paralysed by a floating eye for 4 turns
 43373 | Depths:1 | Reached skill level 5 in Transmutations
 43454 | Depths:1 | Found a one-way gateway to a ziggurat.
 43566 | Depths:1 | Received a gift from Okawaru
 43602 | Depths:1 | Reached skill level 5 in Earth Magic
 43634 | Depths:1 | Reached XP level 24. HP: 148/148 MP: 33/33
 43757 | Depths:1 | Identified the +3 chain mail of the Catfish {rPois rC+
                  | Slay-4}
 43833 | Depths:1 | Found a shimmering blue altar of Sif Muna.
 43930 | Depths:1 | Identified the amulet "Asafaik" {RegenMP Contam rCorr
                  | Int+3}
 43946 | Depths:1 | Got the Omnibus of Beckoning
 44150 | Depths:1 | Found a gateway to Hell.
 44371 | Depths:2 | Reached skill level 10 in Transmutations
 44499 | Depths:2 | Noticed a juggernaut
 44516 | Depths:2 | Identified the +4 short sword "Sizaegh" {flame, rCorr MP+9
                  | Dex+2}
 44517 | Depths:2 | Noticed a juggernaut
 44543 | Depths:2 | Killed a juggernaut
 44574 | Depths:2 | Killed a juggernaut
 44600 | Depths:2 | Identified the +2 chain mail "Azxatopo" {Int+3 Dex+3}
                  | (Okawaru gifted it to you on level 2 of the Depths)
 44600 | Depths:2 | Received a gift from Okawaru
 44718 | Depths:2 | Identified the staff of fire "Reuclolo" {rElec rF+ Str+2
                  | Int-2 Stlth+}
 44869 | Depths:2 | Found a one-way gate leading to the halls of Pandemonium.
 45878 | Depths:3 | Found a white marble altar of Elyvilon.
 45970 | Depths:3 | Received a gift from Okawaru
 46030 | Depths:3 | Reached XP level 25. HP: 153/153 MP: 33/33
 46052 | Depths:3 | Received a gift from Okawaru
 46093 | Depths:3 | Identified the +4 robe of Serendipity {Harm rElec}
 46708 | Depths:4 | Entered Level 4 of the Depths
 46933 | Depths:4 | Found Big Baal Hell's Store.
 47266 | Depths:4 | Identified the +7 fire dragon scales of the Unstoppable
                  | Lovers {rF++ rC- Int+5 SInv} (Okawaru gifted it to you on
                  | level 4 of the Depths)
 47266 | Depths:4 | Received a gift from Okawaru
 47515 | Depths:4 | Found a gate to the Realm of Zot.
 48610 | Vaults:5 | Entered Level 5 of the Vaults
 48868 | Vaults:5 | Received a gift from Okawaru
 48941 | Vaults:5 | Identified the staff of fire "Ereunk" {rF+ rCorr Int+3}
 49052 | Vaults:5 | Identified the +0 glaive "Rebysiv" {antimagic, Int+4}
 49338 | Vaults:5 | Reached XP level 26. HP: 140/158 MP: 33/33
 49405 | Vaults:5 | Noticed a dread lich
 49441 | Vaults:5 | Killed a dread lich
 49525 | Vaults:5 | Identified the staff of death "Rentots" {*Slow rC+ rN+
                  | Int+3 Dex+4}
 49528 | Vaults:5 | Identified the staff of death "Notao" {rN+ Int+3}
 49600 | Vaults:5 | Noticed a dread lich
 49611 | Vaults:5 | Noticed Xtahua
 49628 | Vaults:5 | Killed Xtahua
 49635 | Vaults:5 | Identified the -2 tower shield "Axeca" {rN+ Will+ Regen+
                  | Stlth-} (Okawaru gifted it to you on level 5 of the Vaults)
 49635 | Vaults:5 | Received a gift from Okawaru
 49673 | Vaults:5 | Killed a dread lich
 49944 | Vaults:5 | Noticed a dread lich
 49969 | Vaults:5 | Killed a dread lich
 49984 | Vaults:5 | Reached skill level 15 in Dodging
 50000 | Vaults:5 | Reached skill level 15 in Armour
 50223 | Vaults:5 | Got a silver rune of Zot
 50885 | Zot:1    | Entered Level 1 of the Realm of Zot
 50885 | Zot:1    | Noticed an orb of fire
 50887 | Zot:1    | Gained mutation: You are clumsy. (Dex -2) [an orb of fire]
 50888 | Zot:1    | Gained mutation: You are weak. (Str -2) [an orb of fire]
 50905 | Zot:1    | Killed an orb of fire
 50913 | Arena    | Entered the Arena
 51042 | Zot:1    | Received a gift from Okawaru
 51433 | Zot:1    | Received a gift from Okawaru
 51540 | Zot:1    | Received a gift from Okawaru
 52127 | Zot:1    | Reached skill level 15 in Evocations
 52230 | Zot:2    | Noticed Vv
 52251 | Zot:1    | Reached XP level 27. HP: 163/163 MP: 33/33
 52288 | Zot:2    | Killed Vv
 52363 | Zot:2    | Identified the +7 crystal plate armour of Dogma {Will+
                  | Int-3 Dex+2} (Okawaru gifted it to you on level 2 of the
                  | Realm of Zot)
 52363 | Zot:2    | Received a gift from Okawaru
 53187 | Zot:3    | Identified the +2 leather armour "Enoczeguty" {Str+4 Dex+5}
 53564 | Zot:3    | Received a gift from Okawaru
 53801 | Zot:3    | Received a gift from Okawaru
 53821 | Zot:3    | Identified the +1 chain mail "Uguosmae" {Drain rN+ Will+
                  | rCorr}
 54164 | Zot:4    | Found the +4 dragonskin cloak
 54164 | Zot:4    | Noticed Tiamat
 54187 | Zot:4    | Noticed a dread lich
 54201 | Zot:4    | Noticed a dread lich
 54217 | Zot:4    | Received a gift from Okawaru
 54221 | Zot:4    | Killed a dread lich
 54349 | Arena    | Entered the Arena
 54391 | Zot:4    | Received a gift from Okawaru
 54439 | Zot:4    | Received a gift from Okawaru
 54828 | Zot:4    | Identified the +3 flail of Zeynowet {flame, rF+}
 55061 | Zot:4    | Killed a dread lich
 55062 | Zot:4    | Reached skill level 23 in Fighting
 55127 | Zot:4    | Killed Tiamat
 55472 | Zot:5    | Entered Level 5 of the Realm of Zot
 55514 | Zot:5    | Found a transporter.
 55534 | Zot:5    | Found a transporter.
 55584 | Zot:5    | Found a transporter.
 55639 | Zot:5    | Found a transporter.
 56015 | Zot:5    | Identified the +0 crystal plate armour of Okawaru's
                  | Benevolence {Regen+} (Okawaru gifted it to you on level 5
                  | of the Realm of Zot)
 56015 | Zot:5    | Received a gift from Okawaru
 56099 | Zot:5    | Identified the +6 war axe of Mastery {speed, Fragile +Blink
                  | Int+6}
 56197 | Zot:5    | Noticed an orb of fire
 56224 | Zot:5    | Noticed a dread lich
 56227 | Zot:5    | Gained mutation: Your spells are a little easier to cast,
                  | but a little less powerful. [an orb of fire]
 56237 | Zot:5    | Gained mutation: You have hidden genetic defects. [an orb
                  | of fire]
 56259 | Zot:5    | Killed an orb of fire
 56279 | Zot:5    | Killed a dread lich
 56300 | Zot:5    | Lost mutation: You have hidden genetic defects. [potion of
                  | mutation]
 56300 | Zot:5    | Lost mutation: Your spells are a little easier to cast, but
                  | a little less powerful. [potion of mutation]
 56300 | Zot:5    | Gained mutation: Your spells are a little easier to cast,
                  | but a little less powerful. [potion of mutation]
 56300 | Zot:5    | Gained mutation: You are somewhat resistant to further
                  | mutation. [potion of mutation]
 56486 | Zot:5    | Noticed an orb of fire
 56513 | Zot:5    | Gained mutation: Your magical capacity is low. (-10% MP)
                  | [an orb of fire]
 56525 | Zot:5    | Killed an orb of fire
 56547 | Zot:5    | Noticed an ancient lich
 56552 | Zot:5    | Noticed a dread lich
 56566 | Zot:5    | Noticed a dread lich
 56570 | Zot:5    | Killed an ancient lich
 56603 | Zot:5    | Killed a dread lich
 56618 | Zot:5    | Received a gift from Okawaru
 56628 | Zot:5    | Killed a dread lich
 56644 | Zot:5    | Noticed an ancient lich
 56660 | Zot:5    | Killed an ancient lich
 56700 | Zot:5    | Noticed an orb of fire
 56773 | Zot:5    | Killed an orb of fire
 56906 | Zot:5    | Got the Orb of Zot
 57327 | D:13     | Received a gift from Okawaru
 57589 | D:$      | Escaped with the Orb!

Illustrated notes

Levels and vault maps discovered:
D:1:      dpeg_arrival_rooms_a, layout_loops_ring,
          dreamdust_ecumenical_altar_angels_and_demons, st_stairs_10
D:2:      layout_basic, kennysheep_another_room, guppyfry_early_lair_pool,
          uniq_jessica, uniq_terence
D:3:      layout_basic
D:4:      layout_loops_cross, doesnt_xom_only_xom,
          nicolae_tso_swordbearing_angel, minmay_temple_entry_hall, uniq_edmund
D:5:      cheibrodos_fertilizer, layout_loops_ring,
          mainiacjoe_overflow_brackets, mainiacjoe_overflow_alcove_2,
          lemuel_round_altar, uniq_sigmund, uniq_duvessa
D:6:      layout_gridville, mainiacjoe_overflow_six_doors_small,
          gup_sewer_entry_glass, kennysheep_cluttered_room, nicolae_shop_gadgets
D:7:      layout_loops_corners, overflow_temple_1_default,
          mainiacjoe_overflow_alcove_4, lemuel_crystal_altar, nrook_mini_vaults,
          reono_crystal_passage, minmay_manual_mares
D:8:      layout_loops_ring, nicolae_ossuary_entry_catacombs
D:9:      layout_cave_pools, erik_orc_2
D:10:     layout_roguey, lemuel_doored_altar, grunt_temple_overflow_open,
          serial_shops, shop, minmay_checkerbox
D:11:     gammafunk_boulding_lane, layout_irregular_city, lair_entry_dummy,
          lightli_wizard_tower
D:12:     layout_basic, uniq_urug, uniq_snorg
D:13:     layout_basic, hellmonk_ghost_big_iron, uniq_frances, uniq_sonja,
          uniq_nessos
D:14:     layout_small_grid, skrybe_vaults_entry_preservation,
          nicolae_elevator_lobby_asterisk, serial_shops, nicolae_stop_n_shop_2
D:15:     gammafunk_depths_entry_grave, layout_basic, serial_shops,
          nicolae_square_shop, serial_co_window_serial, co_window_paths_a,
          co_window_paths_b, co_window_of_opportunity_a, co_window_paths_a,
          co_window_paths_b, co_window_paths_a, co_window_of_opportunity_a,
          co_window_corner_a, co_window_of_opportunity_a, co_window_corner_cb,
          co_window_unsneaky_path_a, co_window_of_opportunity_b,
          glass_columns_a, glass_columns_b, glass_columns_b, uniq_azrael
Temple:   chequers_temple_sunken
Lair:1:   layout_roguey, special_room [special_room_bee],
          minmay_stone_trees_medium, beast_lair_carwin_10,
          infiniplex_staircase_pool
Lair:2:   layout_loops_ring, minmay_snake_entry_six_corridors,
          chequers_serial_rivers_micro_a, grunt_megastairs_3
Lair:3:   layout_gridlike, palyth_hydra_swamp_entry, gauntlet_entry_generic,
          patterned_corridor, uniq_josephine
Lair:4:   layout_roguey, dpeg_slime_entry_corner, minmay_stone_trees_large,
          grunt_megastairs_4, serial_bayou_shore_b
Lair:5:   hangedman_lair_in_review, layout_small_grid, basic_altar
Swamp:1:  layout_basic_swamp, serial_swamp_ruin, evilmike_swamp_ruin_house_3,
          evilmike_swamp_ruin_house_5, evilmike_swamp_ruin_house_6
Swamp:2:  layout_basic_swamp, ebering_ghost_rock_garden,
          evilmike_swamp_ruin_house_2
Swamp:3:  layout_basic_swamp, hangedman_swamp_cone, swamp_pool2,
          nicolae_swamp_little_swirl
Swamp:4:  swamp_basic_johnstein, layout_basic_swamp, infiniplex_staircase_pool_2
Snake:1:  layout_gridlike, gammafunk_ghost_grave, grunt_megastairs_1
Snake:2:  layout_misc_corridors, gammafunk_ghost_wrathful_warriors,
          serial_shops, bzr_entry_road, nicolae_integral_box
Snake:3:  layout_cave_town, minmay_shop_star, serial_bayou_shore_a, uniq_aizul
Snake:4:  minmay_snake_end_coiled, layout_chambers, st_stairs_2,
          nicolae_snake_springs, lemuel_fruit_tree, serial_bayou_shore_b,
          uniq_roxanne, uniq_kirke
Orc:1:    layout_caves, gammafunk_ghost_split, lemuel_statue_altar, uniq_fannar
Orc:2:    st_orc_congregation, layout_caves, serial_shops, shop
Elf:1:    minmay_elf_arrival_summoners, layout_gridlike, serial_shops,
          nicolae_square_shop, minmay_elf_crystal_hexagon, grunt_ministairs_9
Elf:2:    nicolae_elf_blades_splatter_lattice
          [nicolae_blade_entry_splitting_headache], layout_loops_cross,
          minmay_shoptagon
Elf:3:    minmay_elf_hall_hex, layout_rooms, serial_shops,
          nicolae_shop_statue_plus
Vaults:1: nicolae_vaults_network_square, v_pattern_4, nicolae_vaults_alarming,
          v_misc_10, nicolae_vaults_little_squares_6, vaults_room_octagon,
          nicolae_vaults_little_squares_2, v_alt_pattern_2, special_room_vaults
          [special_room_orc], vaults_mumra_hex, layout_vaults_omnicross
Vaults:2: portal_desolation_entry_nicolae_nacl, v_misc_17, st_eye,
          nicolae_vaults_sealed_display, v_misc_11,
          nicolae_vaults_bisected_exclaves, nicolae_vaults_little_squares_1,
          hangedman_vaults_cutoff, nicolae_vaults_windows_and_doors_thing,
          vaults_room_fours, nicolae_vaults_little_squares_2,
          vaults_room_semicircle, vaults_dpeg_diagonal,
          nicolae_vaults_specimen_jars, layout_vaults_ring, serial_shops, shop,
          uniq_margery
Vaults:3: ebering_ghost_rock_garden, ontoclasm_vaults_loading_screen,
          vaults_mumra_hexcomb, minmay_crypt_entry_simple_corners,
          nicolae_vaults_holding_cells, nicolae_vaults_asterisk,
          ontoclasm_vaults_fault, nicolae_vaults_border_crossing,
          layout_vaults_omnigrid, uniq_frederick
Vaults:4: ebering_ghost_gozag, nicolae_vaults_back_hallway,
          hangedman_vaults_cutoff, nicolae_vaults_network_quincunx
          [nicolae_vaults_network_quincunx_subvault,
          nicolae_vaults_network_quincunx_subvault,
          nicolae_vaults_network_quincunx_subvault,
          nicolae_vaults_network_quincunx_subvault,
          nicolae_vaults_network_quincunx_subvault], vaults_room_octagon,
          v_misc_16, v_pattern_2, ontoclasm_vaults_gallery,
          nicolae_vaults_ring_of_whatevers, grunt_vaults_diagonal,
          dpeg_vaults_monster_box, vaults_room_stairs_pillars,
          nicolae_vaults_little_ls, ontoclasm_vaults_shuriken, v_misc_25,
          vaults_room_grid, vaults_room_stairs_pillars, layout_vaults_omnibox,
          uniq_donald
Vaults:5: uniq_xtahua
Depths:1: nicolae_terramorphic_expanse [nicolae_terramorphic_quarter,
          nicolae_terramorphic_quarter, nicolae_terramorphic_quarter,
          nicolae_terramorphic_quarter, nicolae_terramorphic_quarter,
          nicolae_terramorphic_biome, nicolae_terramorphic_biome,
          nicolae_terramorphic_biome, nicolae_terramorphic_biome],
          layout_twisted_cross, enter_ziggurat_b, grunt_metal_band,
          vehumet_crystals, abyss_entry, hangedman_summoners_spam
Depths:2: grunt_crosshair, layout_basic, grunt_hell_entry_dis_old, abyss_entry,
          rand_demon_pan_entry_4
Depths:3: hangedman_cross_cluster, layout_honeycomb, abyss_entry,
          pf_hell_entry_tar_spiral, serial_bayou_crossing
Depths:4: evilmike_zot_entry_hall, layout_basic,
          nicolae_hell_entry_big_baal_hell, amcnicky_mini_rare_corridor_liquid,
          hangedman_abyss_entry_splay
Zot:1:    nicolae_moth_party, layout_gridville, evilmike_ambush
          [evilmike_ambush_outer_basic, evilmike_ambush_inner_basic]
Zot:2:    layout_misc_corridors, zot_minivault_7, uniq_vv
Zot:3:    layout_gridlike
Zot:4:    hellmonk_paralyzer, layout_cathedral_of_symmetry, uniq_tiamat
Zot:5:    layout_gridlike, nicolae_diode_intersection

Skill      XL: |  1  2  3  4  5  6  7  8  9 10 11 12 13 14 15 16 17 18 19 20 21 22 23 24 25 26 27 |
---------------+----------------------------------------------------------------------------------+-----
Stealth        | 5 7 8 9 10 12 | 12.0
Short Blades   | 2 3 4 5 6 7 10 12 14 | 14.0
Dodging        | 2 3 4 6 7 8 9 10 11 12 13 14 15 18 | 18.2
Fighting       | 2 3 4 5 9 10 12 13 14 17 20 22 23 | 23.0
Invocations    | 2 3 4 5 6 8 9 10 11 12 13 | 13.0
Armour         | 2 4 6 7 8 9 10 11 12 13 14 15 18 | 18.2
Evocations     | 3 6 7 9 10 12 15 16 | 16.0
Ranged Weapons | 4 6 8 10 11 12 | 12.0
Throwing       | 2 4 6 |  6.0
Shields        | 3 5 7 |  7.0
Spellcasting   | 3 4 |  4.0
Translocations | 6 9 |  9.0
Transmutations | 7 13 14 | 14.0
Earth Magic    | 5 6 |  6.0

Action                     |  1- 3 |  4- 6 |  7- 9 | 10-12 | 13-15 | 16-18 | 19-21 | 22-24 | 25-27 || total
---------------------------+-------+-------+-------+-------+-------+-------+-------+-------+-------++-------
  Melee: Dagger            |    64 |   104 |   640 |   551 |       |       |       |       |       ||  1359
         Bite              |    17 |    29 |   242 |   327 |   694 |   727 |  1313 |  1118 |  1850 ||  6317
         Punch             |       |     1 |    19 |    20 |    28 |     5 |       |       |       ||    73
         Quick blade       |       |       |       |   185 |  1327 |  1340 |  2047 |  1770 |  2560 ||  9229
         Short sword       |       |       |       |       |       |       |    22 |    28 |    88 ||   138
   Fire: Sling             |       |     7 |    10 |    99 |   251 |   538 |   208 |       |       ||  1113
         Shortbow          |       |       |       |    17 |       |       |       |       |       ||    17
         Hand crossbow     |       |       |       |       |       |       |    35 |   285 |    76 ||   396
  Throw: Dart              |       |     2 |    12 |    14 |    11 |     2 |     2 |     1 |     1 ||    45
         Javelin           |       |       |       |       |       |       |       |       |     2 ||     2
   Cast: Wereblood         |       |       |       |       |       |       |       |     8 |    40 ||    48
         Blink             |       |       |       |       |       |       |       |     2 |     2 ||     4
 Invoke: Heroism           |       |       |     2 |     4 |     5 |     5 |     6 |     8 |    16 ||    46
         Finesse           |       |       |       |       |       |     3 |     4 |     1 |     5 ||    13
         Duel              |       |       |       |       |       |       |       |     1 |     2 ||     3
  Evoke: Wand              |       |     5 |       |     6 |     3 |     5 |     5 |     3 |     7 ||    34
         Phial of floods   |       |       |       |       |     1 |       |     1 |       |       ||     2
         Tin of tremorston |       |       |       |       |       |     2 |     4 |     4 |     2 ||    12
         Condenser vane    |       |       |       |       |       |       |     3 |     2 |     4 ||     9
    Use: Scroll            |       |       |    10 |    10 |    12 |    10 |     1 |     2 |     5 ||    50
         Potion            |       |       |       |       |     1 |     1 |       |       |    11 ||    13
   Stab: Sleeping          |     6 |     9 |     8 |    18 |    27 |    22 |    27 |    25 |    18 ||   160
         Invisible         |       |     2 |       |     1 |     9 |     1 |     1 |     1 |     5 ||    20
         Distracted        |       |       |       |     1 |       |     3 |     4 |     4 |     5 ||    17
 Armour: Ring mail         |     7 |       |       |    35 |   152 |       |    62 |   300 |    37 ||   593
         Robe              |    10 |    23 |    44 |       |       |       |       |       |       ||    77
         Scale mail        |       |       |    98 |   108 |   146 |   277 |   247 |       |       ||   876
         Fire dragon scale |       |       |       |       |       |       |       |       |   467 ||   467
  Dodge: Dodged            |    24 |    47 |   154 |   203 |   485 |   394 |   685 |   600 |  1103 ||  3695
  Block: Buckler           |       |       |       |       |       |   417 |   746 |   593 |  1109 ||  2865

Table legend: (Time is in decaauts)
 A = Elapsed time spent in this place.
 B = Non-inter-level travel time spent in this place.
 C = Inter-level travel time spent in this place.
 D = Time resting spent in this place.
 E = Time spent auto-exploring this place.
 F = Levels seen in this place.
 G = Mean time per level.
                   A        B        C        D        E       F      G
               +--------+--------+--------+--------+--------+-----+--------+
         Total |  50813 |  44223 |   6590 |    106 |  29289 |  56 |  907.4 |
       Dungeon |  14905 |  11982 |   2923 |     35 |   8449 |  15 |  993.7 |
        Temple |    268 |    268 |      0 |      0 |    214 |   1 |  268.0 |
          Lair |   4734 |   4085 |    649 |      0 |   2893 |   5 |  946.8 |
         Swamp |   3244 |   2939 |    305 |      0 |   2136 |   4 |  811.0 |
     Snake Pit |   5059 |   4274 |    785 |      5 |   2525 |   4 | 1264.8 |
  Orcish Mines |   1506 |   1369 |    137 |      0 |    895 |   2 |  753.0 |
   Elven Halls |   3171 |   2961 |    210 |      0 |   1839 |   3 | 1057.0 |
        Vaults |   6699 |   6010 |    689 |     20 |   3999 |   5 | 1339.8 |
        Depths |   4258 |   3711 |    547 |      0 |   2477 |   4 | 1064.5 |
           Zot |   5039 |   4697 |    342 |     31 |   3267 |   5 | 1007.8 |
        Bazaar |    236 |    236 |      0 |      0 |     81 |   1 |  236.0 |
         Sewer |     90 |     90 |      0 |      0 |     36 |   1 |   90.0 |
       Ossuary |    261 |    261 |      0 |      0 |    116 |   1 |  261.0 |
    Desolation |    923 |    923 |      0 |      0 |    215 |   1 |  923.0 |
      Gauntlet |    340 |    340 |      0 |      0 |    130 |   1 |  340.0 |
         Arena |     73 |     73 |      0 |     14 |     15 |   3 |   24.3 |
               +--------+--------+--------+--------+--------+-----+--------+

Top non-repeatable levels by time:
 Snake:4: 1596 daAuts
Vaults:4: 1483 daAuts
    D:15: 1427 daAuts
Vaults:5: 1354 daAuts
Vaults:1: 1326 daAuts
Vaults:3: 1311 daAuts
     D:7: 1240 daAuts
Vaults:2: 1222 daAuts
 Snake:1: 1200 daAuts
 Snake:3: 1191 daAuts
  Lair:5: 1187 daAuts
     D:5: 1150 daAuts
Depths:4: 1147 daAuts
   Zot:5: 1137 daAuts
   Zot:4: 1134 daAuts
